Map: Ruins of Seras

Players

Javert

  • Race: Zerg Zerg
  • League: Grandmaster

Galileo - Winner!

  • Race: Zerg Zerg
  • League: Grandmaster

VOD

Have the link to the VOD?

Description

Time

  • Played on: July 11, 2015, 9:53 p.m.
  • Length: 6:10
Show
View Real Time Build Order
Export as new Build Order

Javert Zerg 

Build Orders: Hatch First 

Get SALT Encoding   

  12  0:01  Drone  
  13  0:14  Overlord  
  13  0:19  Drone  
  14  0:32  Drone x2  
  16  0:52  Drone  
  16  0:53  Hatchery  
  16  0:55  Extractor  
  15  1:03  Drone x2  
  17  1:09  Drone  
  18  1:24  Spawning Pool  
  17  1:26  Drone  
  17  1:30  Drone  
  19  1:42  Overlord  
  19  1:51  Drone  
  20  2:04  Drone  
  21  2:12  Metabolic Boost, Queen  
  21  2:13  Queen  
  21  2:15  Zergling x4  
  27  2:22  Zergling x2  
  28  2:26  Drone  
  28  2:28  Drone  
  30  2:41  Baneling Nest, Drone x2  
  31  2:59  Drone x2  
  31  3:00  Drone x2  
  35  3:12  Overlord  
  35  3:19  Spine Crawler  
  34  3:25  Zergling x2  
  34  3:26  Zergling x2  
  36  3:32  Baneling x2  
  36  3:33  Baneling  
  36  3:37  Zergling x6  
  36  3:38  Zergling x8  
  32  4:00  Drone  
  32  4:01  Drone x4  
  35  4:06  Queen  
  35  4:09  Drone  
  38  4:10  Drone x6  
  44  4:25  Overlord x2  
  44  4:29  Baneling x3  
  33  4:57  Drone x2  
  33  4:58  Drone x3  
  38  5:03  Spine Crawler  
  38  5:05  Zergling x8  
  39  5:16  Queen  
  39  5:17  Queen  
  43  5:26  Baneling x2  
  43  5:27  Baneling  
  43  5:28  Drone x6  
  48  5:32  Extractor  
  43  5:50  Extractor  
Show
View Real Time Build Order
Export as new Build Order

Galileo Zerg - Winner!

Build Orders: Hatch First 

Get SALT Encoding   

  12  0:02  Drone  
  13  0:09  Drone  
  14  0:17  Overlord  
  14  0:32  Overlord, Extractor  
  14  0:33  Extractor  
  14  0:34  Drone  
  13  0:39  Drone  
  16  0:45  Drone  
  17  0:55  Drone  
  18  1:14  Extractor  
  18  1:15  Hatchery  
  16  1:22  Spawning Pool  
  16  1:24  Drone  
  16  1:27  Drone  
  16  1:31  Drone  
  18  1:38  Drone  
  19  2:09  Queen  
  19  2:10  Zergling x4  
  19  2:12  Zergling x2  
  24  2:19  Metabolic Boost  
  24  2:21  Zergling x2  
  25  2:27  Queen  
  25  2:28  Zergling x2  
  28  2:33  Zergling x2  
  29  2:39  Zergling x2  
  29  2:43  Zergling x2  
  31  2:49  Zergling x2  
  32  2:54  Zergling x2  
  33  2:59  Lair  
  33  3:00  Zergling x2  
  34  3:09  Zergling x2  
  35  3:13  Zergling x2  
  36  3:25  Overlord x2  
  36  3:27  Overlord  
  32  3:49  Zergling x10  
  32  3:50  Zergling x10  
  37  3:57  Zergling x2  
  37  4:01  Zergling x4  
  37  4:02  Zergling x2  
  37  4:18  Baneling Nest, Zergling x6  
  39  4:25  Zergling x2  
  39  4:26  Zergling x2  
  40  4:42  Zergling x8  
  40  4:45  Zergling x2  
  44  4:47  Zergling x2  
  44  4:59  Zergling x6  
  47  5:05  Drone x2  
  48  5:10  Baneling x2  
  48  5:11  Baneling  
  48  5:12  Baneling  
  48  5:14  Baneling  
  48  5:16  Baneling  
  48  5:17  Baneling  
  48  5:19  Baneling  
  48  5:21  Baneling  
Tags
 
Add a new tag
Caveats
  • Supply blocks, unpowered buildings, or Contaminate may cause inaccurate times.
  • Supply counts are checked every 10 seconds.